 Dungeon Crawl Stone Soup version 0.18-b1-14-g029dad2 (webtiles) character file.

4343 LORDOFBUTT the Cleaver (level 10, -9/88 HPs)
             Began as a Minotaur Fighter on Apr 30, 2016.
             Was a Follower of Ashenzari.
             Mangled by Gastronok (19 damage)
             ... on level 9 of the Dungeon.
             The game lasted 00:09:19 (6713 turns).

LORDOFBUTT the Cleaver (Minotaur Fighter)           Turns: 6713, Time: 00:09:20

Health: -9/88      AC: 15    Str: 26    XL:     10   Next: 12%
Magic:  9/9        EV: 15    Int:  5    God:    Ashenzari [*.....]
Gold:   379        SH: 13    Dex: 18    Spells: 0 memorised, 9 levels left

rFire  . . .     SeeInvis .     I - +3 hand axe
rCold  . . .     Gourm    .     b - +0 scale mail
rNeg   . . .     Faith    .     c - +0 shield
rPois  +         Spirit   .     (helmet restricted)
rElec  .         Dismiss  .     Q - +1 cloak {rPois}
rCorr  .         Reflect  .     F - +0 pair of gloves
SustAt .         Harm     .     M - +0 pair of boots
MR     +....                    (no amulet)
Stlth  +.........               O - ring of protection from magic
                                p - +2 ring of protection

@: mighty, agile, somewhat resistant to hostile enchantments, very unstealthy
A: retaliatory headbutt, horns 2
a: Curse Item, Scrying, Renounce Religion


You were on level 9 of the Dungeon.
You worshipped Ashenzari.
Ashenzari was aware of your devotion.
You were not hungry.

You visited 1 branch of the dungeon, and saw 9 of its levels.

You collected 379 gold pieces.

Inventory:

Hand Weapons
 a - a +0 war axe
 I - a +3 hand axe (weapon)
Armour
 b - a +0 scale mail (worn)
 c - a +0 shield (worn)
 F - a +0 pair of gloves (worn)
 M - a +0 pair of boots (worn)
 Q - a +1 cloak of poison resistance (worn)
Jewellery
 p - a +2 ring of protection (left hand)
 w - an uncursed ring of stealth
 O - a ring of protection from magic (right hand)
Wands
 k - a wand of flame (14/48)
 B - a wand of iceblast (7/15)
 G - a wand of paralysis (8/24)
 L - a wand of flame (9/48)
 N - a wand of lightning (9/15)
Scrolls
 e - a scroll of fear {unknown}
 g - a scroll of fog {unknown}
 i - 4 scrolls of enchant armour
 m - a scroll of enchant weapon {unknown}
 o - 2 scrolls of teleportation {unknown}
 q - 3 scrolls of magic mapping
 u - 2 scrolls of remove curse
 C - a scroll of recharging {unknown}
 H - a scroll of noise {unknown}
Potions
 d - 2 potions of might
 h - a potion of heal wounds {unknown}
 j - a potion of lignification
 l - a potion of haste {unknown}
 n - a potion of agility
 r - a potion of cure mutation
 s - 3 potions of magic
 t - a potion of flight {unknown}
 v - 2 potions of curing
 x - 3 potions of invisibility
 z - a potion of berserk rage {unknown}
 A - a potion of mutation {unknown}
 E - a potion of brilliance {unknown}
 J - a potion of resistance
 P - a potion of beneficial mutation {unknown}
Books
 y - a book of Battle

   Spells                             Type                      Level
   a - Infusion                       Charms                       1
   b - Shroud of Golubria             Charms/Translocation         2
   c - Song of Slaying                Charms                       2
   d - Spectral Weapon                Hexes/Charms                 3
   e - Regeneration                   Charms/Necromancy            3
Comestibles
 f - 5 bread rations
 K - a meat ration


   Skills:
 + Level 7.8 Fighting
 * Level 11.3 Axes
 + Level 8.7 Armour
 - Level 1.3 Dodging
 - Level 0.5 Stealth
 + Level 9.2 Shields


You had 9 spell levels left.
You didn't know any spells.

Dungeon Overview and Level Annotations

Branches:
Dungeon (9/15)             Temple (0/1) D:6            Lair (0/8) D:8
    Orc: D:9-12

Altars:
Ashenzari
Dithmenos
Elyvilon
Gozag
Makhleb
Okawaru
Pakellas
Ru
Trog
Vehumet
Yredelemnul
The Shining One

Annotations:
D:9 Gastronok


Innate Abilities, Weirdness & Mutations

You reflexively headbutt those who attack you in melee.
You have a pair of horns on your head.


Message History

Space bends around you.
* * * LOW HITPOINT WARNING * * *
You are too injured to fight recklessly!
You are too injured to fight recklessly!
You are too injured to fight recklessly!
You are too injured to fight recklessly!
Unknown command.
You closely miss Psyche.
Psyche is severely wounded.
You hit Gastronok.
Gastronok is moderately wounded.
Psyche barely misses you. You furiously retaliate!
You headbutt Psyche. Psyche hits you but does no damage.
Space warps horribly around you!
* * * LOW HITPOINT WARNING * * *
You slash Psyche!
You kill Psyche!
You slash Gastronok!
Gastronok is moderately wounded.
Gastronok bites you!!
You die...

...............+........>.# #†#.#
.....##........#..#.#.....# #.#)#
...............#..#.#....##.#.#)#
...........:...#..#...........#.#
...............#..###.[####.###.#
...............#....#........ #.#
....##........#....#.#########.#
..............w....#.........))#
.......##....)@..##############
..... #........# ..... #........#
#...≈....# #........# .........##
#+#..)[... ..###.... .. #...$


You could see Gastronok.

Vanquished Creatures
  Maurice (D:8)
  Joseph (D:7)
  Psyche (D:9)
  A troll (D:9)
  Sigmund (D:6)
  Grum (D:9)
  A hippogriff (D:7)
  A water moccasin (D:7)
  An orc warrior (D:4)
  A phantom (D:5)
  4 sky beasts
  An eye of draining (D:4)
  2 ogres
  3 wolves (D:9)
  A centaur (D:5)
  3 giant frogs
  A water moccasin skeleton (D:5)
  2 scorpions
  5 wights (D:9)
  A howler monkey (D:7)
  A quasit (D:8)
  A giant frog zombie (D:5)
  A giant frog skeleton (D:3)
  3 hounds
  2 orc priests
  Crazy Yiuf (D:3)
  An iguana (D:7)
  4 orc wizards
  Natasha (thrice) (D:4)
  6 worker ants
  A hound zombie (D:5)
  2 hound skeletons (D:4)
  5 gnolls
  10 adders
  3 shadow imps
  2 oozes
  An adder skeleton (D:5)
  A dart slug (D:2)
  7 giant geckos
  18 orcs
  4 ball pythons
  6 bats
  5 giant cockroaches
  7 goblins
  3 hobgoblins
  9 jackals
  6 quokkas
  3 giant newts
  5 kobolds
  A quokka skeleton (D:7)
  7 rats
162 creatures vanquished.

Notes
Turn   | Place    | Note
--------------------------------------------------------------
     0 | D:1      | LORDOFBUTT the Minotaur Fighter began the quest for the Orb.
     0 | D:1      | Reached XP level 1. HP: 19/19 MP: 0/0
   192 | D:1      | Reached XP level 2. HP: 27/27 MP: 1/1
   480 | D:1      | HP: 1/27 [gnoll/flail (5)]
   481 | D:1      | Reached XP level 3. HP: 1/33 MP: 2/2
   935 | D:2      | Found an opulent altar of Gozag.
   998 | D:2      | Reached skill level 1 in Dodging
  1181 | D:2      | Found a shadowy altar of Dithmenos.
  1272 | D:2      | Reached XP level 4. HP: 36/41 MP: 3/3
  1462 | D:2      | Found a glowing golden altar of the Shining One.
  1604 | D:3      | Reached skill level 3 in Axes
  1604 | D:3      | Reached XP level 5. HP: 28/47 MP: 4/4
  1795 | D:3      | Reached skill level 5 in Shields
  2328 | D:3      | Noticed Crazy Yiuf
  2333 | D:3      | Paralysed by Crazy Yiuf for 4 turns
  2338 | D:3      | Killed Crazy Yiuf
  2644 | D:3      | Reached skill level 5 in Fighting
  2694 | D:4      | Reached XP level 6. HP: 55/56 MP: 5/5
  2807 | D:4      | Reached skill level 4 in Axes
  2807 | D:4      | Reached skill level 5 in Armour
  2871 | D:4      | Found a bloodstained altar of Trog.
  2942 | D:4      | Found a basalt altar of Yredelemnul.
  2971 | D:4      | Noticed an orc warrior
  2985 | D:4      | Killed an orc warrior
  2985 | D:4      | Reached XP level 7. HP: 13/61 MP: 6/6
  3113 | D:4      | Noticed Natasha
  3120 | D:4      | Killed Natasha
  3167 | D:4      | Noticed Natasha
  3181 | D:4      | Killed Natasha
  3181 | D:4      | Reached skill level 5 in Axes
  3191 | D:4      | HP: 1/61 [ogre/giant club (9)]
  3551 | D:4      | Noticed Natasha
  3558 | D:4      | Killed Natasha
  3731 | D:5      | Entered Level 5 of the Dungeon
  3759 | D:5      | Reached skill level 6 in Axes
  4101 | D:5      | Reached XP level 8. HP: 66/70 MP: 7/7
  4207 | D:5      | Found a shattered altar of Ashenzari.
  4208 | D:5      | Found a sacrificial altar of Ru.
  4213 | D:5      | Found an oddly glowing altar of Pakellas.
  4220 | D:5      | Became a worshipper of Ashenzari the Shackled
  4223 | D:5      | Found a white marble altar of Elyvilon.
  4223 | D:5      | Found an iron altar of Okawaru.
  4224 | D:5      | Found a radiant altar of Vehumet.
  4604 | D:6      | Found a staircase to the Ecumenical Temple.
  4699 | D:6      | Reached skill level 7 in Axes
  4853 | D:6      | Noticed Sigmund
  4861 | D:6      | Killed Sigmund
  4861 | D:6      | Reached skill level 8 in Axes
  5356 | D:7      | Noticed Joseph
  5369 | D:7      | Killed Joseph
  5369 | D:7      | Reached skill level 9 in Axes
  5369 | D:7      | Reached XP level 9. HP: 65/78 MP: 8/8
  5415 | D:7      | Reached * piety under Ashenzari
  5882 | D:8      | Found a staircase to the Lair.
  6335 | D:8      | Noticed Maurice
  6365 | D:8      | Killed Maurice
  6365 | D:8      | Reached skill level 10 in Axes
  6366 | D:8      | Found a burning altar of Makhleb.
  6672 | D:9      | Noticed a troll
  6676 | D:9      | Noticed Grum
  6684 | D:9      | Killed a troll
  6684 | D:9      | Reached skill level 11 in Axes
  6684 | D:9      | Reached XP level 10. HP: 71/88 MP: 9/9
  6690 | D:9      | Killed Grum
  6699 | D:9      | Noticed Psyche
  6700 | D:9      | Noticed Gastronok
  6713 | D:9      | Killed Psyche
  6713 | D:9      | Mangled by Gastronok

Skill      XL: |  1  2  3  4  5  6  7  8  9 |
---------------+----------------------------+-----
Fighting       | 4 5 6 7 |  7.8
Shields        | 4 5 6 7 9 |  9.2
Armour         | 4 5 6 7 8 |  8.7
Dodging        | 1 |  1.3
Axes           | 3 4 6 9 11 | 11.3
Stealth        | |  0.5

Action                   |  1- 3 |  4- 6 |  7- 9 | 10-12 || total
-------------------------+-------+-------+-------+-------++-------
Melee: War axe           |    84 |   125 |   138 |       ||   347
       Headbutt          |     8 |    23 |    79 |     2 ||   112
       Hand axe          |       |       |   239 |    14 ||   253
  Use: Scroll            |       |     5 |     5 |       ||    10
       Potion            |       |     2 |     2 |       ||     4
  Eat: Meat ration       |     1 |     1 |       |       ||     2
       Fruit             |       |     4 |       |       ||     4
       Bread ration      |       |       |     1 |       ||     1
       Beef jerky        |       |       |     1 |       ||     1
Armor: Scale mail        |    40 |    45 |   126 |     3 ||   214
       Skin              |       |     1 |       |       ||     1
Dodge: Dodged            |    26 |    45 |    95 |     2 ||   168
Block: Shield            |    50 |    87 |   166 |     7 ||   310
